cohdb
Replays
Latest Replays
All Replays
Popular Replays
Top Player Replays
Match Explorer
How It Works
Community
CoH3 Stats
Reddit
Sign in to upload your games and track your stats! →
Sign in with Steam
Match 43516416
Unlisted
Match 43516416
Overview
Messages
Build Orders
End
Construct Infanterie Kompanie
Selects Terror Battlegroup
Selects Machine Gun Camouflage
MG 42 Machine Gun Team
Grenadier Squad
Construct Panzergrenadier Kompanie
Panzergrenadier Squad
251 Medium Carrier
Selects Contempt for the Weak
Panzergrenadier Officer Quarters
Panzergrenadier Squad
Pak 40 Anti-tank Gun Team
Medical Station
Pak 40 Anti-tank Gun Team
Pak 40 Anti-tank Gun Team
Selects Propaganda Leaflet Drop
Construct Panzer Kompanie
Panzer IV Medium Tank
Propaganda Leaflet Drop
Panzergrenadier Squad
251 Medium Carrier
Panzer IV Medium Tank
Selects V1 Rocket Strike
Selects Defend the Fatherland
Panzer Officer Quarters
Side Skirts
Propaganda Leaflet Drop
Panzergrenadier Squad
Panzer IV Medium Tank
Pioneer Squad
Propaganda Leaflet Drop
kenleung
Raedwulf
飞行的猫先森
小鱼@
Embla
粉色上瘾
许聪聪
rune41
0
0
Comments
sign in to comment!
No comments posted yet!